Map: Lerilak Crest

Players

Nomanu

  • Race: Protoss Protoss
  • League: Grandmaster

SticklerMac - Winner!

  • Race: Zerg Zerg
  • League: Grandmaster

VOD

Have the link to the VOD?

Description

Time

  • Played on: Sept. 19, 2015, 1:41 a.m.
  • Length: 9:17
Show
View Real Time Build Order
Export as new Build Order

Nomanu Protoss 

Build Orders:  

Get SALT Encoding   

  12  0:03  Probe (Chrono Boost)  
  13  0:13  Probe (Chrono Boost)  
  14  0:24  Pylon  
  14  0:27  Probe (Chrono Boost)  
  15  0:37  Assimilator  
  15  0:42  Probe (Chrono Boost)  
  16  0:49  Gateway  
  16  0:53  Probe (Chrono Boost)  
  17  1:03  Probe (Chrono Boost)  
  18  1:11  Pylon  
  18  1:14  Probe (Chrono Boost)  
  19  1:25  Probe (Chrono Boost)  
  20  1:37  Zealot  
  22  1:42  Cybernetics Core  
  22  1:45  Gateway  
  22  1:49  Probe (Chrono Boost)  
  23  1:56  Assimilator  
  23  1:59  Probe (Chrono Boost)  
  24  2:23  Adept  
  24  2:25  Warp Gate  
  26  2:31  Gateway, Probe (Chrono Boost)  
  27  2:38  Pylon  
  27  2:44  Mothership Core (Chrono Boost)  
  27  2:45  Pylon  
  27  2:48  Stalker  
  31  3:00  Stalker  
  33  3:21  Nexus  
  33  3:29  Adept  
  33  3:30  Adept  
  37  3:35  Adept  
  39  3:41  Pylon  
  39  3:48  Pylon  
  39  4:07  Adept x2  
  39  4:09  Zealot  
  45  4:28  Gateway  
  45  4:29  Gateway  
  45  4:35  Probe x2 (Chrono Boost)  
  47  4:45  Probe x2 (Chrono Boost)  
  49  4:56  Pylon  
  49  4:59  Pylon  
  49  5:03  Adept  
  49  5:04  Adept  
  53  5:27  Probe x2 (Chrono Boost)  
  55  5:33  Assimilator  
  55  5:37  Probe x2 (Chrono Boost), Gateway  
  57  5:58  Robotics Facility  
  57  6:00  Robotics Facility  
  57  6:03  Probe x2 (Chrono Boost)  
  59  6:06  Assimilator  
  59  6:13  Probe x2 (Chrono Boost)  
  61  6:23  Probe x2 (Chrono Boost)  
  63  6:28  Zealot  
  63  6:29  Zealot x2  
  69  6:32  Probe (Chrono Boost)  
  70  6:53  Robotics Bay  
  70  6:57  Forge  
  70  7:13  Stalker  
  70  7:14  Stalker x4  
  77  7:36  Stalker x2  
  75  7:53  Stalker x3  
  72  8:29  Pylon  
  72  8:40  Probe (Chrono Boost)  
  63  8:50  Probe (Chrono Boost)  
  63  8:53  Stalker  
  63  8:54  Stalker x2  
  63  8:55  Stalker x2  
  58  9:00  Probe (Chrono Boost)  
Show
View Real Time Build Order
Export as new Build Order

SticklerMac Zerg - Winner!

Build Orders: Pool First 

Get SALT Encoding   

  12  0:00  Drone  
  13  0:09  Drone  
  14  0:18  Overlord  
  14  0:37  Drone x3  
  17  0:50  Spawning Pool  
  17  0:55  Drone  
  17  0:59  Extractor  
  17  1:02  Drone  
  17  1:22  Hatchery  
  17  1:25  Drone  
  17  1:39  Drone x2  
  19  1:45  Drone  
  20  1:47  Queen  
  22  2:10  Overlord x2  
  22  2:23  Metabolic Boost  
  22  2:30  Drone x2  
  22  2:31  Extractor  
  22  2:36  Drone x2  
  25  2:50  Drone x2  
  27  2:58  Queen  
  29  3:00  Queen  
  29  3:02  Drone x3  
  29  3:03  Drone  
  35  3:10  Drone x2  
  35  3:12  Drone  
  38  3:15  Drone  
  39  3:23  Drone  
  39  3:26  Drone, Extractor  
  40  3:27  Drone, Extractor  
  40  3:29  Drone  
  40  3:32  Drone  
  43  3:34  Drone  
  43  3:36  Drone  
  44  3:42  Overlord  
  44  3:46  Lair  
  44  3:53  Overlord  
  44  3:59  Queen  
  46  4:16  Drone x5  
  46  4:17  Drone  
  52  4:18  Drone  
  52  4:23  Zergling x6  
  56  4:24  Zergling x4  
  58  4:50  Drone  
  59  4:53  Spire  
  57  5:07  Hatchery  
  56  5:38  Overlord x2  
  56  5:39  Overlord x3  
  56  5:53  Zergling x8  
  60  6:06  Mutalisk x3  
  60  6:07  Mutalisk x12  
  60  6:10  Mutalisk  
  92  6:35  Mutalisk x2  
  92  6:38  Zergling x14  
  92  6:39  Zergling x6  
  106  7:08  Overlord x6  
  106  7:40  Overseer  
  106  7:43  Mutalisk x4  
  106  7:44  Mutalisk x3  
  118  8:02  Drone, Mutalisk x2  
  121  8:18  Mutalisk x2  
  121  8:34  Mutalisk x2  
  119  8:37  Zergling x2  
  119  8:38  Zergling x18  
Tags
 
Add a new tag
Caveats
  • Supply blocks, unpowered buildings, or Contaminate may cause inaccurate times.
  • Supply counts are checked every 10 seconds.